Map: White Rabbit LE

Players

MosteniK

  • Race: Zerg Zerg
  • League: Diamond
  • Spawn Location: 1:00

AMCHOLDER - Winner!

  • Race: Zerg Zerg
  • League: Diamond
  • Spawn Location: 7:00

VOD

Have the link to the VOD?

Description

Time

  • Played on: Dec. 27, 2025, 10:40 a.m.
  • Length: 8:18
Show
View Real Time Build Order
Export as new Build Order

MosteniK Zerg 

Build Orders: 1 Base Baneling Bust, Pool First, Zergling Baneling 

Get SALT Encoding   

  12  0:00  Drone  
  13  0:08  Drone  
  14  0:15  Extractor, Drone  
  14  0:32  Spawning Pool  
  14  0:35  Drone  
  14  0:42  Extractor, Drone  
  15  0:50  Overlord  
  15  1:19  Zergling x6  
  15  1:20  Metabolic Boost  
  18  1:31  Zergling x2, Queen  
  21  1:44  Baneling Nest, Zergling x2  
  21  1:53  Zergling x2  
  22  2:02  Overlord  
  22  2:42  Zergling x8  
  24  2:50  Zergling x4  
  26  2:59  Zergling x2  
  26  3:04  Zergling x2  
  27  3:07  Baneling  
  27  3:08  Baneling x6  
  17  3:51  Zergling x2  
  17  3:52  Zergling x10  
  22  4:05  Zergling x2  
  23  4:15  Hatchery  
  22  4:17  Drone  
  23  4:25  Drone x2  
  23  4:26  Drone  
  23  4:30  Baneling  
  23  4:31  Baneling x6  
  19  5:03  Zergling x10  
  19  5:04  Zergling x2  
  25  5:10  Queen  
  27  5:18  Overlord  
  27  5:28  Drone  
  28  5:29  Overlord x2  
  28  5:38  Drone x2  
  28  5:39  Drone  
  28  5:41  Baneling  
  28  5:42  Baneling  
  31  5:44  Baneling  
  31  5:46  Baneling  
  31  5:50  Baneling x2  
  31  5:51  Baneling  
  31  5:52  Baneling  
  31  5:54  Baneling  
  31  5:59  Drone  
  31  6:00  Drone  
  33  6:05  Zergling x2  
  29  6:38  Drone x4  
  23  6:54  Zergling x6  
  23  6:59  Baneling x3  
  26  7:06  Drone x2  
  29  7:08  Zergling x2  
  24  7:33  Zergling x10  
  28  7:39  Baneling x2  
  27  7:48  Zergling x6  
  29  7:55  Spine Crawler  
  26  8:00  Baneling  
Show
View Real Time Build Order
Export as new Build Order

AMCHOLDER Zerg - Winner!

Build Orders: Hatch First 

Get SALT Encoding   

  12  0:01  Drone  
  13  0:08  Drone  
  14  0:14  Extractor  
  14  0:15  Drone  
  15  0:21  Overlord  
  15  0:43  Hatchery  
  15  0:46  Drone  
  15  0:50  Drone  
  15  0:54  Drone  
  17  0:58  Drone  
  18  1:07  Extractor  
  17  1:13  Spawning Pool  
  17  1:15  Drone  
  17  1:21  Drone  
  18  1:30  Drone  
  19  1:41  Drone  
  20  2:00  Zergling x4  
  20  2:01  Queen x2  
  22  2:02  Overlord  
  22  2:07  Drone  
  27  2:13  Zergling x2  
  28  2:19  Spine Crawler x2  
  26  2:27  Zergling x2  
  22  2:45  Metabolic Boost  
  22  2:50  Zergling x2  
  23  3:04  Zergling x8  
  27  3:18  Baneling Nest  
  27  3:19  Zergling x4  
  17  3:45  Drone  
  17  3:46  Drone x4  
  19  3:50  Zergling x2  
  19  3:57  Zergling x2  
  17  4:05  Zergling x2  
  18  4:13  Baneling x2  
  18  4:22  Drone  
  18  4:23  Drone  
  20  4:28  Drone  
  20  4:46  Drone x4  
  20  4:51  Baneling x2  
  23  5:00  Drone  
  23  5:01  Drone x2  
  26  5:13  Zergling x6  
  29  5:17  Zergling x2  
  29  5:18  Zergling x2  
  31  5:23  Drone  
  31  5:24  Drone  
  31  5:25  Drone  
  34  5:32  Baneling x2  
  34  5:37  Drone x2  
  34  5:39  Overlord  
  36  5:43  Overlord  
  36  5:49  Overlord  
  36  5:56  Queen  
  36  6:00  Drone x2  
  40  6:05  Drone x3  
  42  6:15  Drone x2  
  44  6:22  Baneling x3  
  44  6:25  Zergling x8  
  36  6:42  Zergling x6  
  37  6:53  Baneling x3  
  37  6:58  Zergling x4  
  39  7:04  Spine Crawler  
  39  7:07  Zergling x10  
  41  7:19  Baneling x2  
  41  7:21  Zergling x4  
  41  7:22  Zergling x2  
  41  7:31  Zergling x2  
  41  7:32  Zergling x6  
  43  7:40  Baneling x4  
  43  7:42  Zergling x4  
  44  7:45  Baneling x2  
Tags
 
Add a new tag
Caveats
  • Supply blocks, unpowered buildings, or Contaminate may cause inaccurate times.
  • Supply counts are checked every 10 seconds.